 Dungeon Crawl Stone Soup version 0.18.1-48-g4cf74bf (webtiles) character file.

105 Kisielow the Poker (level 4, -6/34 HPs)
             Began as a Merfolk Gladiator on July 5, 2016.
             Splashed by a jelly's acid (9 damage)
             ... on level 3 of the Dungeon.
             The game lasted 00:04:50 (1373 turns).

Kisielow the Poker (Merfolk Gladiator)              Turns: 1373, Time: 00:04:51

Health: -6/34      AC:  0    Str: 15    XL:     4   Next: 81%
Magic:  4/4        EV: 14    Int:  7    God:
Gold:   110        SH:  0    Dex: 15    Spells: 0 memorised, 3 levels left

rFire  . . .     SeeInvis .     a - +0 trident
rCold  . . .     Gourm    .     b - +0 leather armour
rNeg   . . .     Faith    .     (no shield)
rPois  .         Spirit   .     c - +0 helmet
rElec  .         Dismiss  .     (no cloak)
rCorr  .         Reflect  .     (no gloves)
SustAt .         Harm     .     (no boots)
MR     .....                    (no amulet)
Stlth  +.........               (no ring)
                                (no ring)

@: corroded, not resistant to hostile enchantments, very unstealthy
A: change form in water, swift swim
a: no special abilities


You were on level 3 of the Dungeon.
You were not hungry.

You visited 1 branch of the dungeon, and saw 3 of its levels.

You collected 110 gold pieces.

Inventory:

Hand Weapons
 a - a +0 trident (weapon)
Missiles
 d - 3 throwing nets (quivered)
Armour
 b - a +0 leather armour (worn)
 c - a +0 helmet (worn)
Jewellery
 h - a cursed amulet of inaccuracy {unknown}
Wands
 n - a wand of random effects (36/48)
Scrolls
 e - a scroll of remove curse {unknown}
 i - 2 scrolls of blinking {unknown}
 p - a scroll of teleportation {unknown}
 q - a scroll of enchant armour {unknown}
Potions
 j - a potion of lignification {unknown}
 k - a potion of invisibility {unknown}
 l - a potion of degeneration {unknown}
 m - 2 potions of mutation {unknown}
 o - 2 potions of curing {unknown}
Comestibles
 f - 2 bread rations
 g - 8 chunks of flesh
 r - a meat ration


   Skills:
 + Level 2.8 Fighting
 + Level 6.4 Polearms
 - Level 2.0 Throwing
 * Level 5.1 Dodging


You had 3 spell levels left.
You didn't know any spells.

Dungeon Overview and Level Annotations

Branches:
Dungeon (3/15)

Altars:
Elyvilon


Message History

The jelly closely misses you.
You puncture the jelly! The acid corrodes you!
Your hands burn!
The jelly is almost dead.
The jelly hits you.
You are splashed with acid!
The acid corrodes you!
The acid burns!
* * * LOW HITPOINT WARNING * * *
You are too injured to fight recklessly!
You are too injured to fight recklessly!
You are too injured to fight recklessly!
You are too injured to fight recklessly!
You are too injured to fight recklessly!
You are too injured to fight recklessly!
You are too injured to fight recklessly!
You are too injured to fight recklessly!
You barely miss the jelly.
The jelly is almost dead.
The jelly hits you.
* * * LOW HITPOINT WARNING * * *
You are splashed with acid!
The acid burns!
You die...

#.# #.#
#.########
#.........
###..#######
#.......#
#.......#
#.......#
#?.@....#
###J.####
#..# #..#
#..# #..#
...# #..#


You could see a jelly.

Vanquished Creatures
  The ghost of Doomgape the Poker, a weakling MiCK of Xom (D:3)
  2 adders
  An ooze (D:2)
  A worm (D:2)
  2 dart slugs (D:2)
  A giant gecko (D:1)
  A giant cockroach (D:1)
  8 goblins
  4 hobgoblins
  7 jackals
  2 ball pythons (D:2)
  5 bats
  3 giant newts (D:2)
  9 kobolds
  8 rats
55 creatures vanquished.

Notes
Turn   | Place    | Note
--------------------------------------------------------------
     0 | D:1      | Kisielow the Merfolk Gladiator began the quest for the Orb.
     0 | D:1      | Reached XP level 1. HP: 16/16 MP: 1/1
   204 | D:1      | Reached skill level 5 in Polearms
   275 | D:1      | Reached XP level 2. HP: 22/22 MP: 2/2
   456 | D:1      | Reached XP level 3. HP: 27/27 MP: 3/3
   493 | D:1      | Reached skill level 6 in Polearms
   747 | D:2      | Found a white marble altar of Elyvilon.
   996 | D:2      | Reached XP level 4. HP: 33/34 MP: 4/4
  1280 | D:3      | Noticed Doomgape's ghost (weakling MiCK)
  1293 | D:3      | Killed Doomgape's ghost
  1293 | D:3      | Reached skill level 5 in Dodging
  1373 | D:3      | Splashed by a jelly's acid

Skill      XL: |  1  2  3  4 |
---------------+-------------+-----
Polearms       | 5 6 |  6.4
Dodging        | 5 |  5.1
Fighting       | |  2.8
Throwing       | |  2.0

Action                   |  1- 3 |  4- 6 || total
-------------------------+-------+-------++-------
Melee: Trident           |   126 |    50 ||   176
Evoke: Wand              |       |     1 ||     1
 Stab: Sleeping          |     2 |       ||     2
       Paralysed         |       |    11 ||    11
  Eat: Chunk             |       |     2 ||     2
Armor: Leather armour    |    26 |     2 ||    28
Dodge: Dodged            |    58 |    22 ||    80
